 Dungeon Crawl Stone Soup version 0.22.1-2-g9c5b331 (webtiles) character file.

789816 caorun the Caregiver (level 27, -3/375 (376) HPs)
             Began as a Deep Dwarf Fighter on Dec 27, 2018.
             Was a Believer of Elyvilon.
             Slain by a guardian mummy (17 damage)
             ... on level 14 of a ziggurat on Jan 6, 2019.
             The game lasted 09:20:01 (66032 turns).

caorun the Caregiver (Deep Dwarf Fighter)          Turns: 66032, Time: 09:20:02

HP:   -3/375 (376)  AC: 22    Str: 34 (35) XL:     27
MP:   27/27         EV: 34    Int:  4 (9)  God:    Elyvilon [**....]
Gold: 11145         SH: 24    Dex: 27      Spells: 26/26 levels left

rFire    + + +     SeeInvis .   b - +9 broad axe (flame) {b}
rCold    + . .     Gourm    .   S - +5 shield {rN+}
rNeg     + + +     Faith    .   K - +3 faerie dragon scales {rC+ rCorr Clar}
rPois    +         Spirit   .   p - +2 helmet {Int+3}
rElec    .         Reflect  .   R - scarf {cloud immunity}
rCorr    +         Harm     .   V - +2 pair of gloves "Ypso Lin" {Dex+5}
MR       +++++     Clarity  +   G - +0 pair of boots "Reamugg" {*Drain +Inv rPois Dex+4}
Stlth    ..........             x - necklace of Bloodlust {*Rage +Rage MR++ Int-3 Slay+6 *Curse}
HPRegen  0.00/turn              u - ring of Usixarru {rF+ rN+ Str+5}
MPRegen  0.20/turn              g - ring of Zoyffiy {rPois rF++ rN+ Stlth+}

@: berserking, very slightly contaminated, non-regenerating, slowed, invisible
A: damage resistance, heal wounds, slimy green scales 1, blink, clarity, frail
1, negative energy resistance 1, sense surroundings 3, poison resistance, weak
1, no regeneration
}: 5/15 runes: decaying, slimy, silver, obsidian, gossamer
a: Heal Wounds, Blink, Lesser Healing, Heal Other, Divine Protection, Renounce
Religion, Evoke Berserk Rage


You were on level 14 of a ziggurat.
You worshipped Elyvilon.
Elyvilon was pleased with you.
You were very hungry.

You visited 14 branches of the dungeon, and saw 62 of its levels.
You visited the Abyss 1 time.
You visited 1 ziggurat, and saw 14 of its levels.
You also visited: Sewer.

You collected 11479 gold pieces.
You spent 334 gold pieces at shops.

Inventory:

Hand Weapons
 a - the +7 hand crossbow of Dried Tears {penet, *Slow MR+ MP+9 Int+6, a}
   (You found it on level 1 of the Vaults)

   Ammo fired by it will pass through the targets it hits, potentially hitting
   all targets in its path until it reaches maximum range.
   It affects your intelligence (+6).
   It affects your resistance to hostile enchantments.
   It affects your magic capacity (+9).
   It may slow you when you take damage.
 b - a +9 broad axe of flaming (weapon) {b}
Missiles
 t - 901 bolts
Armour
 p - a +2 helmet of intelligence (worn)
 G - the +0 pair of boots "Reamugg" (worn) {*Drain +Inv rPois Dex+4}
   (You found it on level 12 of a ziggurat)

   It affects your dexterity (+4).
   It protects you from poison.
   It lets you turn invisible.
   It causes draining when unequipped.
 K - the +3 faerie dragon scales (worn) {rC+ rCorr Clar}
   (You took it off the Enchantress on level 1 of the Depths)

   It protects you from cold.
   It protects you against confusion.
   It provides partial protection from all sources of acid and corrosion.
 N - the +0 pair of gloves of Starshine {rF++ rC+ Str+2}
   (You found it on level 7 of Gehenna)

   It affects your strength (+2).
   It greatly protects you from fire.
   It protects you from cold.
 R - a scarf of cloud immunity (worn)
 S - a +5 shield of positive energy (worn)
 V - the +2 pair of gloves "Ypso Lin" (worn) {Dex+5}
   (You found it on level 3 of the Swamp)

   It affects your dexterity (+5).
Jewellery
 d - the ring "Vuedgh" {rPois rC+ Dex+2 SInv}
   (You found it on level 5 of the Depths)

   [ring of dexterity]

   It affects your dexterity (+2).
   It protects you from cold.
   It protects you from poison.
   It lets you see invisible.
 g - the ring of Zoyffiy (right hand) {rPois rF++ rN+ Stlth+}
   (You found it on level 3 of the Crypt)

   [ring of positive energy]

   It greatly protects you from fire.
   It protects you from poison.
   It protects you from negative energy.
   It makes you more stealthy.
 u - the ring of Usixarru (left hand) {rF+ rN+ Str+5}
   (You found it on level 3 of the Crypt)

   [ring of positive energy]

   It affects your strength (+5).
   It protects you from fire.
   It protects you from negative energy.
 x - the necklace of Bloodlust (around neck) {*Rage +Rage MR++ Int-3 Slay+6 *Curse}
   (You found it on level 3 of the Elven Halls)

   [amulet of rage]

   It affects your intelligence (-3).
   It affects your accuracy and damage with ranged weapons and melee attacks
   (+6).
   It affects your resistance to hostile enchantments.
   It lets you go berserk.
   It may make you go berserk in combat.
   It curses itself when equipped.
Wands
 h - a wand of enslavement (16)
 s - a wand of acid (5)
 v - a wand of digging (24)
 w - a wand of disintegration (42)
 z - a wand of flame (29)
 H - a wand of paralysis (32)
 Q - a wand of iceblast (33)
Scrolls
 i - 9 scrolls of fog
 m - 6 scrolls of identify
 n - 6 scrolls of enchant weapon
 r - a scroll of summoning
 y - 10 scrolls of teleportation
 E - 16 scrolls of remove curse
 F - 3 scrolls of fear
 J - 7 scrolls of magic mapping
 L - 3 scrolls of silence
 P - 2 scrolls of blinking
 Z - 5 scrolls of enchant armour
Potions
 c - a potion of ambrosia
 e - 4 potions of resistance
 j - a potion of cancellation
 l - 8 potions of curing
 o - 5 potions of flight
 M - a potion of agility
 T - 2 potions of mutation
 U - 5 potions of invisibility
Miscellaneous
 k - a lamp of fire
 A - 2 boxes of beasts
 B - a fan of gales
 C - 4 phantom mirrors
 W - a lightning rod (4/4)
 X - 3 sacks of spiders
 Y - a phial of floods
Comestibles
 f - 47 rations
 q - 7 chunks of flesh


   Skills:
 - Level 22.4 Fighting
 - Level 23.3 Axes
 - Level 18.6 Crossbows
 + Level 10.2 Armour
 + Level 21.9 Dodging
 - Level 21.3 Shields
 + Level 24.1 Invocations
 * Level 23.3 Evocations


You had 26 spell levels left.
You didn't know any spells.
Your spell library contained the following spells:

 Spells                   Type           Power        Failure   Level  Hunger
 Animate Skeleton         Necr           N/A          54%         1    ##.....
 Apportation              Tloc           #.....       54%         1    ##.....
 Beastly Appendage        Tmut           #.....       54%         1    ##.....
 Confusing Touch          Hex            #.....       54%         1    ##.....
 Corona                   Hex            #......      54%         1    ##.....
 Flame Tongue             Conj/Fire      #....        54%         1    ##.....
 Freeze                   Ice            #...         54%         1    ##.....
 Infusion                 Chrm           #...         54%         1    ##.....
 Magic Dart               Conj           #...         54%         1    ##.....
 Pain                     Necr           #...         54%         1    ##.....
 Sandblast                Erth           #.....       54%         1    ##.....
 Shock                    Conj/Air       #...         54%         1    ##.....
 Summon Butterflies       Summ           #.......     54%         1    ##.....
 Blink                    Tloc           N/A          67%         2    ###....
 Call Imp                 Summ           #.......     67%         2    ###....
 Corpse Rot               Necr           N/A          67%         2    ###....
 Ensorcelled Hibernation  Hex/Ice        #.....       67%         2    ###....
 Passwall                 Tmut/Erth      #.......     67%         2    ###....
 Poisonous Vapours        Pois/Air       #.....       67%         2    ###....
 Searing Ray              Conj           #.....       67%         2    ###....
 Slow                     Hex            #.......     67%         2    ###....
 Song of Slaying          Chrm           #.......     67%         2    ###....
 Sticks to Snakes         Tmut           #.......     67%         2    ###....
 Sublimation of Blood     Necr           #.........   67%         2    ###....
 Swiftness                Chrm/Air       #.......     67%         2    ###....
 Call Canine Familiar     Summ           #.......     88%         3    ####...
 Confuse                  Hex            #.......     88%         3    ####...
 Conjure Flame            Conj/Fire      #.......     88%         3    ####...
 Dazzling Spray           Conj/Hex       #.....       88%         3    ####...
 Gell's Gravitas          Tloc           #.........   88%         3    ####...
 Ignite Poison            Fire/Tmut/Pois #.......     88%         3    ####...
 Inner Flame              Hex/Fire       #.......     88%         3    ####...
 Mephitic Cloud           Conj/Pois/Air  #.......     88%         3    ####...
 Portal Projectile        Hex/Tloc       #.....       88%         3    ####...
 Recall                   Summ/Tloc      N/A          88%         3    ####...
 Spider Form              Tmut/Pois      #.........   88%         3    ####...
 Static Discharge         Conj/Air       #.......     88%         3    ####...
 Stone Arrow              Conj/Erth      #.....       88%         3    ####...
 Teleport Other           Tloc           #.......     88%         3    ####...
 Tukima's Dance           Hex            #.......     88%         3    ####...
 Vampiric Draining        Necr           #.........   88%         3    ####...
 Airstrike                Air            #.........   99%         4    #####..
 Animate Dead             Necr           N/A          99%         4    #####..
 Cause Fear               Hex            #.........   99%         4    #####..
 Force Lance              Conj/Tloc      #.......     99%         4    #####..
 Fulminant Prism          Conj/Hex       #.........   99%         4    #####..
 Ice Form                 Ice/Tmut       #.......     99%         4    #####..
 Iskenderun's Mystic Bla  Conj           #.......     99%         4    #####..
 Leda's Liquefaction      Hex/Erth       #.........   99%         4    #####..
 Petrify                  Tmut/Erth      #.......     99%         4    #####..
 Summon Ice Beast         Ice/Summ       #.......     99%         4    #####..
 Summon Lightning Spire   Summ/Air       #.......     99%         4    #####..
 Agony                    Necr           #.......     100%        5    ######.
 Blade Hands              Tmut           #.........   100%        5    ######.
 Bolt of Draining         Conj/Necr      #.........   100%        5    ######.
 Bolt of Magma            Conj/Fire/Erth #.........   100%        5    ######.
 Borgnjor's Vile Clutch   Necr/Erth      #.........   100%        5    ######.
 Excruciating Wounds      Chrm/Necr      #.........   100%        5    ######.
 Fireball                 Conj/Fire      #.........   100%        5    ######.
 Iskenderun's Battlesphe  Conj/Chrm      #.......     100%        5    ######.
 Lee's Rapid Deconstruct  Erth           #.........   100%        5    ######.
 Lightning Bolt           Conj/Air       #.........   100%        5    ######.
 Metabolic Englaciation   Hex/Ice        #.........   100%        5    ######.
 Silence                  Hex/Air        #.........   100%        5    ######.
 Summon Forest            Summ/Tloc      #.........   100%        5    ######.
 Summon Mana Viper        Hex/Summ       #.......     100%        5    ######.
 Venom Bolt               Conj/Pois      #.........   100%        5    ######.
 Yara's Violent Unravell  Hex/Tmut       #.........   100%        5    ######.
 Bolt of Cold             Conj/Ice       #.........   100%        6    #######
 Bolt of Fire             Conj/Fire      #.........   100%        6    #######
 Conjure Ball Lightning   Conj/Air       #.........   100%        6    #######
 Darkness                 Hex            #.........   100%        6    #######
 Deflect Missiles         Chrm/Air       #.........   100%        6    #######
 Dispersal                Tloc           #.........   100%        6    #######
 Freezing Cloud           Conj/Ice/Air   #.........   100%        6    #######
 Hydra Form               Tmut           #.........   100%        6    #######
 Iron Shot                Conj/Erth      #.........   100%        6    #######
 Ozocubu's Refrigeration  Ice            #.........   100%        6    #######
 Shadow Creatures         Summ           N/A          100%        6    #######
 Simulacrum               Ice/Necr       #.........   100%        6    #######
 Dragon Form              Tmut           #.........   100%        7    #######
 Haunt                    Necr/Summ      #.........   100%        7    #######
 Orb of Destruction       Conj           #.........   100%        7    #######
 Ring of Flames           Chrm/Fire      #.........   100%        7    #######
 Spellforged Servitor     Conj/Summ      #.........   100%        7    #######
 Summon Hydra             Summ           #.........   100%        7    #######
 Borgnjor's Revivificati  Necr           #.........   100%        8    #######
 Controlled Blink         Tloc           N/A          100%        8    #######
 Death's Door             Chrm/Necr      #.........   100%        8    #######
 Discord                  Hex            #.........   100%        8    #######
 Disjunction              Tloc           #.........   100%        8    #######
 Ignition                 Fire           #.........   100%        8    #######
 Infestation              Necr           #.........   100%        8    #######
 Necromutation            Tmut/Necr      #.........   100%        8    #######
 Dragon's Call            Summ           #.........   100%        9    #######
 Shatter                  Erth           #.........   100%        9    #######
 Tornado                  Air            #.........   100%        9    #######
 Regeneration             Chrm/Necr      Unusable     N/A         3    N/A

Dungeon Overview and Level Annotations

Branches:
Dungeon (15/15)            Temple (1/1) D:4            Lair (6/6) D:10
  Swamp (4/4) Lair:3       Spider (4/4) Lair:2        Slime (5/5) Lair:5
    Orc (2/2) D:10            Elf (3/3) Orc:2        Vaults (5/5) D:13
  Crypt (3/3) Vaults:2     Depths (5/5) D:15           Hell (1/1)
    Dis (0/7) Hell            Geh (7/7) Hell            Coc (0/7) Hell
    Tar (0/7) Hell            Zot (1/5) Depths:5
   Tomb: Crypt:3

Altars:
Ashenzari
Cheibriados
Dithmenos
Elyvilon
Fedhas
Gozag
Hepliaklqana
Kikubaaqudgha
Makhleb
Nemelex Xobeh
Okawaru
Qazlal
Ru
Sif Muna
Trog
Uskayaw
Vehumet
Wu Jian
Xom
Yredelemnul
Zin
The Shining One
Beogh
Jiyva

Shops:
D:4 ?   D:8 ?   D:13 }   Orc:1 *   Orc:2 =%!%   Vaults:2 [%%   Depths:2 [

Portals:
Hell: Depths:1 Depths:2 Depths:3 Depths:4 Depths:5
Abyss: Depths:1 Depths:2 Depths:4
Pandemonium: Depths:1 Depths:2 Depths:3 Depths:4
Trove: D:10 (give +3 shadow dragon scales)


Innate Abilities, Weirdness & Mutations

You are resistant to damage.
You can heal yourself by infusing magical energy.
You resist negative energy. (rN+)
You passively map a large area around you.
You do not regenerate.
You are partially covered in slimy green scales. (AC +2)
You can translocate small distances at will.
You possess an exceptional clarity of mind.
You are frail. (-10% HP)
Your system is resistant to poisons. (rPois)
You are weak. (Str -2)


Message History

The mummy priest invokes the aid of its god against you.
Something smites you!
* * * LOW HITPOINT WARNING * * *
You are too berserk!
You chop the guardian mummy into pieces!!!
You burn the guardian mummy!!
You destroy the guardian mummy!
You feel extremely nervous for a moment...
You feel dopey.
You slice the guardian mummy!! You burn the guardian mummy!
You hit the jiangshi. You burn the jiangshi.
You hit the phantasmal warrior but do no damage.
You slash the mummy priest! You burn the mummy priest.
You slice the juggernaut skeleton!! You burn the juggernaut skeleton!
The smoke demon roars!
You block the phantasmal warrior's attack.
The ushabti shakes and rattles.
The vile air hits the mummy.
The vile air hits the guardian mummy.
The vile air hits the mummy.
The guardian mummy hits you!!
You die...

▓▓▓▓▓▓▓▓▓▓▓▓▓
▓▓...........▓▓
▓▓..ZW.........▓▓
▓▓VZ4Wn.W........▓▓
▓sMMMMWnM.........▓▓
*?MZWMZ3M.Z.........▓▓
*∩MMMMM3W8WM..........▓▓
>4M8MMMZMWZ.........∩.▓
MZ3Z.M§@V...........▓▓
*"?MMzMM.§..........▓▓
▓...M....§........▓▓
▓▓...............▓▓
▓▓.............▓▓
▓▓...........▓▓
▓▓▓▓▓▓▓▓▓▓▓▓▓


You could see 3 greater mummies, 3 mummy priests, a jiangshi, 3 flayed ghosts, 2
orange demons, 2 phantasmal warriors, 3 guardian mummies, 2 ushabtiu, 2 freezing
wraiths, a spectral shadow dragon, 2 smoke demons, a neqoxec, a vampire, a
wraith, a death scarab, 2 necrophages, a flying skull (wandering), 17 mummies, a
deep elf sorcerer simulacrum, a titan simulacrum (wandering), a spark wasp
simulacrum (wandering), a golden dragon zombie (wandering), a golden dragon
skeleton (wandering), a sphinx skeleton (wandering) and 2 juggernaut skeletons.

Vanquished Creatures
  Asmodeus (Geh:7)
  the Royal Jelly (Slime:5)
  A pandemonium lord (Zig:11)
  2 ancient liches
  A greater mummy (Zig:14)
  Saint Roka (Depths:4)
  Geryon (Hell)
  7 caustic shrikes
  The ghost of Xaoheb the Slayer, a veteran GrGl of Okawaru (Depths:1)
  the Enchantress (Depths:1)
  6 golden dragons
  2 bone dragons
  13 liches
  A hellephant (Hell)
  Arachne (Spider:4)
  34 Brimstone Fiends
  2 Tzitzimimeh (Zig:11)
  4 tentacled monstrosities
  Rupert (Lair:6)
  2 deep elf blademasters (Elf:3)
  6 titans
  17 acid blobs
  A quicksilver dragon (Vaults:5)
  A deep elf master archer (Elf:3)
  2 ancient champions (Crypt:1)
  7 sphinxes
  Frances (Swamp:2)
  3 Executioners
  3 tentacled starspawn (Zig:12)
  2 eldritch tentacles
  11 tengu reavers
  3 thorn hunters
  3 storm dragons
  A nagaraja (Zig:13)
  A warmonger (Zig:11)
  A draconian monk (Depths:5)
  Kirke (Lair:6)
  17 fire giants
  A revenant (Crypt:2)
  13 azure jellies
  10 shadow dragons
  15 balrugs
  12 deep elf sorcerers
  Louise (Spider:3)
  A draconian knight (Zig:13)
  9 emperor scorpions
  4 orc warlords
  2 draconian scorchers
  2 iron dragons (Depths:1)
  9 vault wardens
  2 corrupters
  8 ghouls
  11 ghost moths
  12 frost giants
  3 curse skulls
  3 spriggan defenders (Depths:1)
  6 deep elf elementalists
  9 draconian annihilators
  7 entropy weavers
  3 war gargoyles
  34 very ugly things
  An entropy weaver (shapeshifter) (Vaults:5)
  10 vampire knights
  24 stone giants
  15 reapers
  4 blood saints
  2 deep elf demonologists
  21 ironheart preservers
  A red draconian (Depths:5)
  5 black draconians (Depths:5)
  5 green draconians (Depths:5)
  Azrael (Elf:1)
  A lorocyproca (Hell)
  3 deep elf annihilators (Elf:3)
  2 merfolk javelineers
  6 purple draconians (Depths:5)
  3 eidola
  12 ettins
  11 spark wasps
  2 white draconians (Depths:5)
  12 deep elf high priests
  4 blizzard demons
  9 deep elf death magi
  6 quicksilver dragon zombies
  2 jiangshi (Depths:1)
  A mummy priest (Zig:14)
  7 death oozes (Slime:5)
  14 yaktaur captains
  12 fire dragons
  2 rakshasas
  12 ice dragons
  2 merfolk impalers (Depths:3)
  13 great orbs of eyes
  19 hydras
  3 quicksilver dragon skeletons
  29 vault guards
  A catoblepas (Lair:6)
  6 spriggan air magi
  A ghost crab (Swamp:2)
  15 large abominations
  15 ogre magi
  7 death knights
  A merfolk aquamancer (Zig:13)
  4 tengu warriors
  26 dancing weapons
  15 alligators
  8 centaur warriors
  39 two-headed ogres
  12 deep troll shamans
  5 death yaks
  8 vampire magi
  3 thrashing horrors
  48 hell hogs
  6 titan zombies
  6 orc high priests
  4 spriggan berserkers
  7 deep troll earth magi
  20 sun demons
  9 titan skeletons
  A shock serpent (shapeshifter) (Depths:2)
  3 iron golems
  4 storm dragon zombies
  12 soul eaters
  15 deep elf knights
  A fire crab (shapeshifter) (Vaults:5)
  28 skeletal warriors
  53 hell knights
  2 ghost moth zombies
  A spatial maelstrom (Zig:8)
  12 iron trolls
  8 shadow wraiths
  4 golden dragon zombies
  An unseen horror (shapeshifter) (Depths:1)
  14 small abominations
  7 unseen horrors
  34 deep trolls
  4 death drakes (Depths:5)
  5 shadow dragon zombies
  3 anaconda zombies
  8 storm dragon skeletons
  9 wizards
  16 ironbrand convokers
  5 glowing orange brains
  2 spriggan druids
  An obsidian statue (Depths:1)
  14 flayed ghosts
  10 swamp dragons
  5 anaconda skeletons
  3 harpies (shapeshifter)
  A harpy (Zig:10)
  21 necromancers
  4 golden dragon skeletons
  8 lindwurms
  16 orc knights
  3 shambling mangroves
  13 phantasmal warriors
  16 deep elf archers
  5 stone giant zombies
  64 deep elf magi
  10 orc sorcerers
  4 wolf spider zombies
  A sphinx zombie (Zig:14)
  52 ugly things
  32 wolf spiders
  17 orb spiders
  4 fire giant zombies
  7 cyclopes
  8 shadow dragon skeletons
  6 iron dragon skeletons
  2 iron dragon zombies
  7 shining eyes
  5 frost giant zombies
  A moth of wrath (shapeshifter) (Elf:1)
  4 oklob plants
  A moth of wrath (Spider:1)
  4 shock serpent zombies
  5 fire giant skeletons
  8 frost giant skeletons
  2 water nymphs (shapeshifter)
  21 elephants
  8 stone giant skeletons
  22 vault sentinels
  A manticore (D:14)
  4 torpor snails
  2 ice statues (Hell)
  3 rust devils
  A storm dragon simulacrum (Vaults:3)
  2 black mambas
  2 apocalypse crabs (Zig:12)
  16 molten gargoyles
  An eye of devastation (shapeshifter) (Vaults:3)
  2 eyes of devastation
  2 dire elephant zombies
  3 shock serpent skeletons
  Psyche (D:8)
  A yaktaur zombie (Depths:1)
  28 hellions
  An orange demon (Depths:1)
  11 smoke demons
  A white draconian zombie (Geh:5)
  5 gargoyles
  2 rime drakes
  13 spiny frogs
  A komodo dragon (shapeshifter) (Depths:1)
  3 dire elephant skeletons
  2 elf skeletons
  2 emperor scorpion zombies
  2 ice devils (Hell)
  A black draconian skeleton (Crypt:1)
  22 tormentors
  8 efreet
  10 komodo dragons
  2 hellwings
  38 yaktaurs
  14 demonic crawlers
  16 freezing wraiths
  2 harpy zombies
  A death yak skeleton (Crypt:1)
  An anaconda simulacrum (Hell)
  5 hydra zombies
  3 ancient zymes (Zig:12)
  2 tengu conjurers
  A queen bee (Lair:2)
  35 red devils
  21 jumping spiders
  A jumping spider (shapeshifter) (Vaults:3)
  10 guardian mummies
  A troll (shapeshifter) (Depths:3)
  16 trolls
  2 hornets (shapeshifter)
  A tengu simulacrum (Zig:8)
  2 harpy skeletons
  6 ettin zombies
  2 slime creatures (shapeshifter)
  35 blink frogs
  6 hydra skeletons
  A raiju (shapeshifter) (Vaults:2)
  A raiju (Zig:12)
  3 tyrant leeches
  2 alligator zombies
  6 wind drakes
  119 slime creatures
  9 hippogriffs
  24 hornets
  2 ice dragon zombies
  8 bog bodies
  2 stone giant simulacra
  8 fire dragon zombies
  A satyr skeleton (Crypt:2)
  7 air elementals
  5 ettin skeletons
  52 flying skulls
  Sigmund (D:4)
  56 redbacks
  7 ice dragon skeletons
  A deep troll skeleton (Depths:1)
  29 wraiths
  15 shadows
  An alligator skeleton (Hell)
  3 fire dragon skeletons
  36 tarantellas
  4 wyverns
  A yak (shapeshifter) (Vaults:2)
  9 spriggans
  A vampire (D:11)
  A ynoxinul (Zig:11)
  A dire elephant simulacrum (Crypt:1)
  21 water elementals
  An ushabti (Crypt:3)
  2 basilisks
  50 yaks
  A black mamba zombie (Crypt:3)
  46 fire elementals
  A fire bat (Zig:12)
  10 golden eyes
  2 hogs (Lair:6)
  4 black mamba skeletons
  A hungry ghost (D:10)
  2 basilisks (shapeshifter)
  2 chaos spawn
  19 vampire mosquitoes
  3 neqoxecs
  A human simulacrum (Vaults:1)
  3 spatial vortices
  Menkaure (D:6)
  12 wargs
  2 acid dragons
  A merfolk zombie (Geh:3)
  A spiny frog zombie (Geh:3)
  20 swamp worms
  20 insubstantial wisps
  Edmund (D:4)
  12 water moccasins
  A hydra simulacrum (Hell)
  A soldier ant (D:11)
  A gelid demonspawn skeleton (Crypt:1)
  11 porcupines
  4 floating eyes
  A floating eye (shapeshifter) (Depths:1)
  51 hell hounds
  An infernal demonspawn skeleton (Geh:7)
  2 black bears (Lair:6)
  2 human zombies
  A sky beast (shapeshifter) (Depths:3)
  An ice beast (shapeshifter) (Vaults:1)
  A merfolk skeleton (Crypt:1)
  63 orc warriors
  3 sky beasts
  5 ice beasts
  A hornet zombie (D:10)
  8 swamp drakes
  2 swamp dragon zombies (Geh:4)
  7 eyes of draining
  An ettin simulacrum (Vaults:3)
  4 spiny frog skeletons
  A snapping turtle zombie (Geh:4)
  6 phantoms
  2 manticore zombies (Geh:7)
  17 necrophages
  56 ogres
  15 wolves (Lair:6)
  3 manticore skeletons
  An ogre (shapeshifter) (Depths:1)
  12 centaurs
  2 swamp dragon skeletons
  12 crocodiles
  2 snapping turtle skeletons
  A big kobold (D:10)
  An elf zombie (Geh:5)
  2 komodo dragon zombies
  16 bullfrogs
  12 earth elementals
  3 human skeletons
  2 spiny frog simulacra (Hell)
  A water moccasin zombie (D:11)
  4 gnoll sergeants (D:10)
  A glowing shapeshifter simulacrum (Vaults:3)
  2 scorpions
  A wyvern skeleton (D:11)
  A water moccasin skeleton (Crypt:2)
  A polar bear zombie (Crypt:2)
  An elf simulacrum (Vaults:2)
  2 troll zombies
  43 killer bees
  71 wights
  An electric eel (Spider:4)
  2 spriggan skeletons
  4 howler monkeys
  4 centaur zombies
  20 crimson imps
  3 bullfrog zombies
  21 starcursed masses
  10 jellies
  29 orc wizards
  A quasit (D:5)
  Crazy Yiuf (D:4)
  6 centaur skeletons
  30 orc priests
  3 bullfrog skeletons
  3 hounds
  5 iron imps
  Terence (D:2)
  A black bear skeleton (Crypt:2)
  4 iguanas
  8 worker ants
  A lightning spire (Zig:8)
  A naga skeleton (Geh:4)
  A hound zombie (D:5)
  9 mummies (Crypt:3)
  2 howler monkey zombies
  4 worker ant zombies
  18 adders
  3 gnolls (D:10)
  A howler monkey skeleton (D:8)
  5 shadow imps
  2 white imps
  15 oozes
  3 adder zombies
  An iguana zombie (Crypt:1)
  3 adder skeletons
  A worm (D:5)
  4 dart slugs
  13 leopard geckos
  126 orcs
  15 giant cockroaches
  11 goblins
  7 hobgoblins
  10 jackals
  A jackal (shapeshifter) (Depths:4)
  3 quokkas
  10 ball pythons (Sewer)
  5 bats
  17 frilled lizards
  A hobgoblin skeleton (Crypt:1)
  2 jackal zombies (D:4)
  5 kobolds
  A kobold skeleton (Geh:2)
  2 kobold zombies
  2 leopard gecko zombies (D:4)
  An orc skeleton (Geh:4)
  2 orc zombies
  A quokka zombie (D:4)
  5 rats
  5 briar patches
  A butterfly (Lair:6)
  7 crawling corpses (Elf:3)
  4 fire vortices
  3 fungi
  24 plants
  4 starspawn tentacles (Zig:12)
3566 creatures vanquished.

Vanquished Creatures (collateral kills)
  A Brimstone Fiend (Geh:6)
  An acid blob (Slime:4)
  An azure jelly (Slime:5)
  A fire giant (Vaults:5)
  A deep elf annihilator (Elf:3)
  A fire dragon (Depths:4)
  A glowing orange brain (Slime:5)
  A shining eye (Slime:5)
  3 eyes of devastation
  An efreet (Geh:5)
  A tormentor (Geh:6)
  4 slime creatures
  A hell hound (Elf:1)
  An eye of draining (Slime:4)
19 creatures vanquished.

Vanquished Creatures (others)
  An Ice Fiend (Zig:11)
  Asterion (Depths:1)
  3 fire giants
  An ogre mage (Zig:13)
  4 hell hogs
  A hell knight (Depths:1)
  An iron golem (Geh:7)
  A wizard (Zig:13)
  A glowing orange brain (Depths:2)
  A necromancer (Hell)
  A deep elf mage (Vaults:5)
  A shock serpent zombie (Geh:2)
  A hellion (Geh:7)
  2 jumping spiders (Spider:4)
  A hydra skeleton (Geh:2)
  A hornet (Swamp:4)
  2 flying skulls
  A spriggan (Swamp:4)
  A shadow (Geh:1)
  2 wraiths
  A redback (Spider:4)
  2 tarantellas
  2 humans (Lair:6)
  2 insubstantial wisps (Zig:5)
  An orc warrior (Vaults:5)
  A porcupine (shapeshifter) (Vaults:5)
  6 briar patches
  A bush (Lair:6)
  A fire vortex (Depths:2)
  8 fungi
  8 plants
  4 starspawn tentacles (Zig:12)
65 creatures vanquished.

Grand Total: 3650 creatures vanquished

Notes
Turn   | Place    | Note
-------+----------+-------------------------------------------
     0 | D:1      | caorun the Deep Dwarf Fighter began the quest for the Orb.
     0 | D:1      | Reached XP level 1. HP: 20/20 MP: 1/1
   416 | D:1      | Reached XP level 2. HP: 22/27 MP: 2/2
   658 | D:2      | Noticed Terence
   692 | D:2      | Killed Terence
   692 | D:2      | Reached XP level 3. HP: 12/34 MP: 3/3
   717 | D:2      | Found a snail-covered altar of Cheibriados.
   807 | D:2      | Gained mutation: You tend to lose your temper in combat.
                  | [potion of mutation]
   807 | D:2      | Gained mutation: You evolve. [potion of mutation]
   807 | D:2      | Lost mutation: You tend to lose your temper in combat.
                  | [potion of mutation]
   807 | D:2      | Gained mutation: You are robust. (+10% HP) [potion of
                  | mutation]
   809 | D:2      | Reached XP level 4. HP: 9/46 MP: 4/4
  1045 | D:2      | Found a sparkling altar of Nemelex Xobeh.
  1307 | D:3      | Reached skill level 1 in Dodging
  1558 | D:3      | Reached XP level 5. HP: 27/53 MP: 4/4
  1679 | D:3      | Found a glowing drain.
  1725 | Sewer    | Entered a sewer
  1974 | Sewer    | Reached XP level 6. HP: 37/61 MP: 5/5
  2024 | Sewer    | Reached skill level 5 in Axes
  2771 | D:4      | Reached XP level 7. HP: 44/69 MP: 6/6
  2820 | D:4      | Found a burning altar of Makhleb.
  2823 | D:4      | Found an opulent altar of Gozag.
  2824 | D:4      | Found an iron altar of Okawaru.
  2867 | D:4      | Found Jaumycee's Magic Scroll Shop.
  3004 | D:4      | Reached skill level 5 in Shields
  3082 | D:4      | Found a staircase to the Ecumenical Temple.
  3091 | Temple   | Entered the Ecumenical Temple
  3410 | D:4      | Found a runed door.
  3531 | D:4      | Noticed Sigmund
  3538 | D:4      | Killed Sigmund
  3551 | D:4      | Noticed Edmund
  3567 | D:4      | Killed Edmund
  3575 | D:4      | Got an encrusted leather armour
  3586 | D:4      | Identified the +1 leather armour of Dim Light {rN+ rCorr
                  | Str+2 Dex+2} (You found it on level 4 of the Dungeon)
  3817 | D:4      | Noticed Crazy Yiuf
  3823 | D:4      | Killed Crazy Yiuf
  3881 | D:5      | Entered Level 5 of the Dungeon
  3887 | D:5      | Reached XP level 8. HP: 24/79 MP: 7/7
  4221 | D:5      | Reached skill level 5 in Armour
  4636 | D:5      | Found a blossoming altar of Fedhas.
  4844 | D:5      | Gained mutation: You expend magic power (3 MP) to
                  | strengthen your wands. [evolution]
  4980 | D:6      | Noticed Menkaure
  5002 | D:6      | Killed Menkaure
  5160 | D:6      | Found a shattered altar of Ashenzari.
  5171 | D:6      | Found a glowing golden altar of the Shining One.
  5173 | D:6      | Found a shadowy altar of Dithmenos.
  5407 | D:7      | Gained mutation: You passively map the area around you.
                  | [Deep Dwarf growth]
  5407 | D:7      | Reached XP level 9. HP: 44/88 MP: 7/7
  5680 | D:7      | Reached skill level 5 in Fighting
  6005 | D:8      | Reached skill level 5 in Dodging
  6075 | D:8      | Reached skill level 10 in Axes
  6170 | D:8      | Noticed Psyche
  6179 | D:8      | Killed Psyche
  6201 | D:8      | Found a shadowy altar of Dithmenos.
  6288 | D:8      | Found Qotuq's Magic Scroll Shop.
  6291 | D:8      | Noticed a two-headed ogre
  6298 | D:8      | Bought a scroll of teleportation for 42 gold pieces
  6821 | D:9      | Noticed a wizard
  6842 | D:9      | Killed a wizard
  6842 | D:9      | Reached XP level 10. HP: 22/100 MP: 7/7
  6852 | D:9      | Found a white marble altar of Elyvilon.
  6860 | D:9      | Became a worshipper of Elyvilon the Healer
  6866 | D:9      | Found a deep blue altar of Sif Muna.
  6867 | D:9      | Found a glowing silver altar of Zin.
  6998 | D:9      | Noticed a wizard
  6998 | D:9      | Noticed a wizard
  7023 | D:9      | Killed a wizard
  7029 | D:9      | Killed a wizard
  7266 | D:9      | Reached * piety under Elyvilon
  7391 | D:9      | Found an ornate altar of the Wu Jian Council.
  7653 | D:9      | Found a stormy altar of Qazlal.
  7735 | D:10     | Entered Level 10 of the Dungeon
  7737 | D:10     | Noticed a two-headed ogre
  7777 | D:9      | Reached skill level 2 in Invocations
  7778 | D:9      | Reached skill level 3 in Invocations
  7876 | D:9      | Reached skill level 4 in Invocations
  7953 | D:10     | Reached skill level 5 in Invocations
  7962 | D:10     | Reached skill level 6 in Invocations
  7992 | D:10     | Noticed a vault guard
  8001 | D:10     | Killed a vault guard
  8001 | D:10     | Reached skill level 7 in Invocations
  8009 | D:10     | Found a portal to a secret trove of treasure.
  8025 | D:10     | Reached XP level 11. HP: 81/106 MP: 9/12
  8059 | D:10     | Noticed a two-headed ogre
  8060 | D:10     | Reached skill level 8 in Invocations
  8064 | D:10     | Found a staircase to the Lair.
  8144 | D:10     | Reached ** piety under Elyvilon
  8186 | D:10     | Killed a two-headed ogre
  8186 | D:10     | Reached skill level 9 in Invocations
  8256 | D:10     | Killed an unseen horror
  8256 | D:10     | Reached skill level 10 in Invocations
  8289 | D:10     | Killed a two-headed ogre
  8292 | D:10     | Reached skill level 11 in Invocations
  8648 | D:10     | Got a twisted plate armour
  8649 | D:10     | Identified the +1 plate armour of the Crown {rCorr} (You
                  | found it on level 10 of the Dungeon)
  8901 | D:10     | Gained mutation: You are agile. (Dex +2) [evolution]
  8935 | D:10     | Found a staircase to the Orcish Mines.
  9056 | Lair:1   | Entered Level 1 of the Lair of Beasts
  9476 | Lair:1   | Identified Joicaasy's Almanac of Igneous Enhancements
  9612 | Lair:1   | Noticed a four-headed hydra
  9622 | Lair:1   | Killed a one-headed hydra
  9622 | Lair:1   | Reached XP level 12. HP: 106/116 MP: 14/14
  9801 | Lair:1   | Reached *** piety under Elyvilon
 10433 | Lair:2   | Noticed an eight-headed hydra
 10442 | Lair:2   | Killed a four-headed hydra
 10480 | Lair:2   | Reached skill level 10 in Shields
 10606 | Lair:2   | Reached **** piety under Elyvilon
 10650 | Lair:2   | Found a hole to the Spider Nest.
 11232 | Lair:3   | Found a staircase to the Swamp.
 11463 | Lair:3   | Reached XP level 13. HP: 109/128 MP: 15/15
 11472 | Lair:3   | Reached skill level 12 in Invocations
 11868 | Lair:3   | Reached skill level 15 in Axes
 12335 | Lair:4   | Reached ***** piety under Elyvilon
 13096 | Lair:4   | Gained mutation: You are very robust. (+20% HP) [evolution]
 13604 | Lair:5   | Reached ****** piety under Elyvilon
 13659 | Lair:5   | Found a runed door.
 13660 | Lair:5   | Found a viscous altar of Jiyva.
 13662 | Lair:5   | Found a staircase to the Slime Pits.
 13707 | Lair:5   | Reached skill level 1 in Evocations
 14061 | Lair:6   | Entered Level 6 of the Lair of Beasts
 14171 | Lair:6   | Noticed Kirke
 14179 | Lair:6   | Killed Kirke
 14457 | Lair:6   | Gained mutation: You resist negative energy. (rN+) [Deep
                  | Dwarf growth]
 14457 | Lair:6   | Reached XP level 14. HP: 146/152 MP: 17/17
 14624 | Lair:6   | Noticed Rupert
 14639 | Lair:6   | Killed Rupert
 15008 | Lair:6   | Reached skill level 5 in Evocations
 15032 | Lair:6   | Got a crude hand axe
 15033 | Lair:6   | Identified the +1 hand axe of the Revolution {freeze,
                  | Dex+4} (You found it on level 6 of the Lair of Beasts)
 16054 | D:11     | Got a transparent morningstar
 16055 | D:11     | Identified the cursed +1 morningstar "Vewing" {freeze,
                  | Str+3} (You found it on level 11 of the Dungeon)
 16397 | D:12     | Found a glowing golden altar of the Shining One.
 17264 | Orc:1    | Entered Level 1 of the Orcish Mines
 17453 | Orc:2    | Entered Level 2 of the Orcish Mines
 17578 | Orc:1    | Found Viosypot's Assorted Antiques.
 18355 | Orc:2    | Found a staircase to the Elven Halls.
 18451 | Orc:2    | Got a warped granite ring
 18453 | Orc:2    | Identified the ring of the Peculiar Demons {Ice Dex+3} (You
                  | found it on level 2 of the Orcish Mines)
 18524 | Orc:2    | Noticed an orc warlord
 18550 | Orc:2    | Killed an orc warlord
 18556 | Orc:2    | Reached XP level 15. HP: 119/165 MP: 18/18
 18600 | Orc:2    | Found Migrapp's Food Shop.
 18642 | Orc:2    | Reached skill level 10 in Fighting
 18643 | Orc:2    | Gained mutation: You passively map a large area around you.
                  | [evolution]
 18679 | Orc:2    | Found a roughly hewn altar of Beogh.
 18771 | Orc:2    | Found Mosh's Jewellery Boutique.
 18920 | Orc:2    | Found a roughly hewn altar of Beogh.
 19013 | Orc:2    | Found Apuen's Food Emporium.
 19034 | Orc:2    | Found Jemeymon's Distillery.
 19058 | Orc:2    | Bought a potion of haste for 180 gold pieces
 19379 | D:13     | Found Tilaesa's Gadget Shop.
 19732 | D:13     | Found a gate to the Vaults.
 20501 | D:14     | Got a spiked ring mail
 20512 | D:14     | Identified the +2 ring mail "Mautocen" {*Contam +Fly Int+4
                  | SInv} (You found it on level 14 of the Dungeon)
 20602 | D:14     | Reached skill level 10 in Dodging
 20628 | D:14     | Lost mutation: You expend magic power (3 MP) to strengthen
                  | your wands. [evolution]
 20766 | D:14     | Got a translucent great mace
 20996 | D:15     | Entered Level 15 of the Dungeon
 21152 | D:15     | Reached skill level 13 in Invocations
 21353 | D:15     | Found a staircase to the Depths.
 21354 | D:15     | Noticed a fire giant
 21395 | D:15     | Killed a fire giant
 21889 | Spider:1 | Entered Level 1 of the Spider Nest
 22033 | Lair:2   | Reached XP level 16. HP: 156/180 MP: 16/20
 22079 | Swamp:1  | Entered Level 1 of the Swamp
 22921 | Swamp:2  | Paralysed by a hornet for 2 turns
 22980 | Swamp:2  | Paralysed by a hornet for 2 turns
 23339 | Swamp:2  | Noticed Frances
 23354 | Swamp:2  | Killed Frances
 23849 | Swamp:3  | Got a pair of ichor-stained gloves
 23860 | Swamp:3  | Identified the +2 pair of gloves "Ypso Lin" {Dex+5} (You
                  | found it on level 3 of the Swamp)
 24202 | Swamp:4  | Entered Level 4 of the Swamp
 24239 | Swamp:4  | Reached skill level 14 in Invocations
 24336 | Swamp:4  | Noticed a thorn hunter
 24373 | Swamp:4  | Killed a thorn hunter
 24381 | Swamp:4  | HP: 5/182 [lindwurm/blast of flame (56)]
 24488 | Swamp:4  | Reached skill level 15 in Shields
 24638 | Swamp:4  | Got a decaying rune of Zot
 24841 | Swamp:4  | Reached XP level 17. HP: 145/190 MP: 21/21
 25472 | Vaults:1 | Entered Level 1 of the Vaults
 25604 | Vaults:1 | Paralysed by a hornet for 3 turns
 25739 | Vaults:1 | Got a steaming hand crossbow
 25740 | Vaults:1 | Identified the +7 hand crossbow of Dried Tears {penet,
                  | *Slow MR+ MP+9 Int+6} (You found it on level 1 of the
                  | Vaults)
 26671 | Vaults:2 | Reached skill level 15 in Invocations
 26707 | Vaults:2 | Reached skill level 10 in Evocations
 27060 | Vaults:2 | Gained mutation: Your spells are a little easier to cast,
                  | but a little less powerful. [evolution]
 27100 | Vaults:2 | Mutation became permanent: You passively map the area
                  | around you. [Deep Dwarf growth]
 27100 | Vaults:2 | Gained mutation: You passively map a large area around you.
                  | [Deep Dwarf growth]
 27100 | Vaults:2 | Reached XP level 18. HP: 197/204 MP: 21/23
 27212 | Vaults:2 | Found a staircase to the Crypt.
 27212 | Vaults:2 | Found an ancient bone altar of Kikubaaqudgha.
 27213 | Vaults:2 | Found a basalt altar of Yredelemnul.
 27376 | Vaults:2 | Found Ylunoxke's Food Shop.
 27376 | Vaults:2 | Found Agoyrutenni's Food Shop.
 27450 | Vaults:2 | Found Emyf's Armour Shop.
 29078 | Vaults:3 | Reached skill level 16 in Invocations
 29738 | Depths:1 | Entered Level 1 of the Depths
 29738 | Depths:1 | Found a runed gate.
 29738 | Depths:1 | Found a runed gate.
 29738 | Depths:1 | Found an opulent altar of Gozag.
 29738 | Depths:1 | Noticed Asterion
 29754 | Depths:1 | Killed Asterion
 29757 | Depths:1 | Found a runed gate.
 29757 | Depths:1 | Noticed Xaoheb's ghost (veteran GrGl)
 29781 | Depths:1 | Noticed the Enchantress
 29805 | Depths:1 | Killed the Enchantress
 29947 | Depths:1 | Got a bloodstained leather armour
 29973 | Depths:1 | Found a one-way gate to the infinite horrors of the Abyss.
 29992 | Depths:1 | Reached XP level 19. HP: 113/217 MP: 21/25
 30174 | Depths:1 | Found a one-way gate leading to the halls of Pandemonium.
 30226 | Depths:1 | Identified the +1 leather armour "Ohoohuzi" {Str+3 Int+2
                  | Dex+2} (You found it on level 1 of the Depths)
 30292 | Depths:1 | Gained mutation: Your system is resistant to poisons.
                  | (rPois) [evolution]
 30292 | Depths:1 | Lost mutation: You evolve. [end of evolution]
 30386 | Depths:1 | Found a huge runed gate.
 30386 | Depths:1 | Found a huge runed gate.
 30386 | Depths:1 | Found a huge runed gate.
 30387 | Depths:1 | Found a huge runed gate.
 30388 | Depths:1 | Found a huge runed gate.
 30388 | Depths:1 | Found a huge runed gate.
 30388 | Depths:1 | Found a huge runed gate.
 30389 | Depths:1 | Found a huge runed gate.
 30389 | Depths:1 | Found a huge runed gate.
 30389 | Depths:1 | Found a huge runed gate.
 30406 | Depths:1 | Noticed a caustic shrike
 30506 | Depths:1 | Paralysed by a floating eye for 4 turns
 30535 | Depths:1 | Paralysed by a floating eye for 3 turns
 30589 | Depths:1 | Reached skill level 17 in Invocations
 30948 | Spider:1 | Got a twisted buckler
 31101 | Spider:1 | Identified the +0 buckler of Winter {Regen+ Dex+3 Stlth-}
                  | (You found it on level 1 of the Spider Nest)
 32386 | Spider:3 | Noticed Louise
 32404 | Spider:3 | Killed Louise
 32830 | Spider:4 | Entered Level 4 of the Spider Nest
 32908 | Spider:4 | Noticed Arachne
 32922 | Spider:4 | Killed Arachne
 32948 | Spider:3 | Reached XP level 20. HP: 75/230 MP: 26/26
 33793 | Spider:4 | Reached skill level 18 in Invocations
 33806 | Spider:4 | Got a gossamer rune of Zot
 34317 | Depths:1 | Got faerie dragon scales
 34328 | Depths:1 | Identified the +3 faerie dragon scales {rC+ rCorr Clar}
                  | (You took it off the Enchantress on level 1 of the Depths)
 34371 | Depths:1 | Killed a caustic shrike
 34446 | Depths:1 | Found a gateway to Hell.
 34659 | Depths:2 | Found Welathross's Antique Armour Emporium.
 35553 | Depths:2 | Identified Gofam's Grimoire of Weightlessness
 35556 | Depths:2 | Identified the Collected Works on Clay
 35599 | Depths:1 | Reached skill level 15 in Fighting
 35665 | Depths:1 | Killed Xaoheb's ghost
 35881 | Depths:3 | Reached XP level 21. HP: 212/241 MP: 23/28
 35924 | Depths:3 | Reached skill level 19 in Invocations
 35963 | Depths:3 | Reached skill level 15 in Evocations
 36308 | Depths:3 | Got an iridescent rapier
 36309 | Depths:3 | Identified the +9 rapier "Zifih" {pierce, Int+6} (You found
                  | it on level 3 of the Depths)
 36441 | Depths:3 | Found a gateway to a ziggurat.
 36531 | Depths:3 | Noticed a caustic shrike
 36554 | Depths:3 | Killed a caustic shrike
 36643 | Depths:3 | Noticed a caustic shrike
 36652 | Depths:3 | Killed a caustic shrike
 36653 | Depths:3 | Noticed a golden dragon
 36665 | Depths:3 | Killed a golden dragon
 38300 | Vaults:5 | Entered Level 5 of the Vaults
 38312 | Vaults:5 | Reached XP level 22. HP: 300/328 MP: 36/38
 38380 | Vaults:5 | Reached skill level 20 in Invocations
 38740 | Vaults:5 | Identified the Incunabulum of Burning Good Luck
 39065 | Vaults:5 | Got a heavily jewelled robe
 39076 | Vaults:5 | Identified the +0 robe of the Trout {rC+ Int+6 Dex-5} (You
                  | took it off an orc priest on level 5 of the Vaults)
 39189 | Vaults:5 | Reached XP level 23. HP: 198/267 MP: 27/27
 39341 | Vaults:5 | Identified the Compendium of Poison and Translocation
 39351 | Vaults:5 | Got a silver rune of Zot
 39905 | Vaults:5 | Identified the Catalogue of Ice and Changing
 40382 | Elf:1    | Entered Level 1 of the Elven Halls
 41110 | Elf:1    | Noticed Azrael
 41115 | Elf:1    | Killed Azrael
 41400 | Elf:2    | Reached skill level 15 in Dodging
 41889 | Elf:2    | Found a runed gate.
 41889 | Elf:2    | Found a runed gate.
 41889 | Elf:2    | Found a runed gate.
 42618 | Elf:3    | Entered Level 3 of the Elven Halls
 42642 | Elf:3    | Found the cursed necklace of Bloodlust {*Rage +Rage MR++
                  | Int-3 Slay+6 *Curse}
 43116 | Elf:3    | Reached XP level 24. HP: 270/282 MP: 14/27
 43128 | Elf:3    | Got a sparkling bronze ring
 43330 | Elf:3    | Got an opalescent robe
 43341 | Elf:3    | Identified the +2 robe "Feshrij" {MR++ Dex-3} (You took it
                  | off a deep elf high priest on level 3 of the Elven Halls)
 43370 | Elf:3    | Identified the ring "Kepas" {rPois rF+ Stlth-} (You took it
                  | off a deep elf mage on level 3 of the Elven Halls)
 43375 | Elf:3    | Got a translucent copper ring
 43388 | Elf:3    | Identified the ring "Enerovy" {-Tele rPois rF+ rN+ Int+3}
                  | (You took it off a deep elf death mage on level 3 of the
                  | Elven Halls)
 43426 | Elf:3    | Identified the Reference Book on Flamy Translocation
 43430 | Elf:3    | Got an ichor-stained short sword
 43431 | Elf:3    | Identified the cursed +0 short sword of Atenif {pierce,
                  | +Inv} (You found it on level 3 of the Elven Halls)
 43443 | Elf:3    | Identified the Volume of Aerial Cold
 43458 | Elf:3    | Got a bloodstained arbalest
 43459 | Elf:3    | Identified the +10 arbalest of Duty {speed, rF+ Str+4
                  | Int+2} (You found it on level 3 of the Elven Halls)
 43495 | Elf:3    | Got an ancient golden amulet
 43496 | Elf:3    | Identified the amulet of Reimazxe {+Rage rN+ Int+7} (You
                  | found it on level 3 of the Elven Halls)
 43521 | Elf:3    | Identified a scroll of acquirement
 43633 | Elf:3    | Cast into level 4 of the Abyss (a distortion unwield)
 43680 | Elf:3    | Escaped the Abyss
 44097 | Crypt:1  | Entered Level 1 of the Crypt
 44110 | Crypt:1  | Reached skill level 1 in Crossbows
 44125 | Crypt:1  | Got a colourful robe
 44126 | Crypt:1  | Identified the cursed +0 robe "Ceor" {Int+4} (You found it
                  | on level 1 of the Crypt)
 45704 | Crypt:1  | Reached skill level 5 in Crossbows
 46654 | Crypt:3  | Entered Level 3 of the Crypt
 46919 | Crypt:3  | Reached skill level 10 in Crossbows
 46953 | Crypt:3  | Got a bound iron amulet
 46953 | Crypt:3  | Got a translucent marble ring
 46954 | Crypt:3  | Identified the ring of Zoyffiy {rPois rF++ rN+ Stlth+} (You
                  | found it on level 3 of the Crypt)
 46958 | Crypt:3  | Identified the amulet of Xom's Wantonness {+Fly MR+ Regen+
                  | Dex+6} (You found it on level 3 of the Crypt)
 46962 | Crypt:3  | Got a heavily runed bone ring
 46966 | Crypt:3  | Got a steaming iron ring
 46967 | Crypt:3  | Identified the ring of Usixarru {rF+ rN+ Str+5} (You found
                  | it on level 3 of the Crypt)
 46968 | Crypt:3  | Identified the ring "Wyceady" {rPois MR- EV+1 Int+6 SInv}
                  | (You found it on level 3 of the Crypt)
 47257 | Crypt:3  | Noticed an ancient lich
 47261 | Crypt:3  | Killed an ancient lich
 47376 | Crypt:3  | Got an ancient hand axe
 47377 | Crypt:3  | Identified the cursed +0 hand axe of Foul Odors {flame,
                  | rPois rF- rC+ Str+3} (You found it on level 3 of the Crypt)
 47653 | Vaults:2 | Bought a scarf of cloud immunity for 112 gold pieces
 48770 | D:14     | Identified the +9 great mace of Valour {crush, rPois rF-
                  | Int+2} (You found it on level 14 of the Dungeon)
 50027 | Depths:4 | Reached XP level 25. HP: 275/292 MP: 27/27
 50153 | Depths:4 | Noticed Saint Roka
 50168 | Depths:4 | Killed Saint Roka
 50280 | Depths:4 | Noticed an ancient lich
 50360 | Depths:4 | Killed an ancient lich
 50399 | Depths:4 | Identified the Reference Book on Darkness
 50737 | Depths:5 | Entered Level 5 of the Depths
 51462 | Depths:5 | Found the +7 sceptre of Torment
 51498 | Depths:5 | Got an ancient iron ring
 51499 | Depths:5 | Identified the ring "Vuedgh" {rPois rC+ Dex+2 SInv} (You
                  | found it on level 5 of the Depths)
 51610 | Depths:5 | Found a gate to the Realm of Zot.
 52433 | Depths:5 | Reached XP level 26. HP: 290/308 MP: 27/27
 52874 | Zot:1    | Entered Level 1 of the Realm of Zot
 53280 | Slime:1  | Entered Level 1 of the Pits of Slime
 53333 | Slime:1  | Gained mutation: Your spells are easier to cast, but less
                  | powerful. [a shining eye]
 53411 | Slime:1  | Gained mutation: You are very agile. (Dex +4) [a shining
                  | eye]
 54065 | Slime:2  | Found a viscous altar of Jiyva.
 55463 | Slime:5  | Entered Level 5 of the Pits of Slime
 55530 | Slime:5  | Found a viscous altar of Jiyva.
 55530 | Slime:5  | Noticed the Royal Jelly
 55562 | Slime:5  | Killed the Royal Jelly
 55660 | Slime:5  | Got a pitted marble ring
 55661 | Slime:5  | Identified the ring of Paogih {Wiz rElec} (You found it on
                  | level 5 of the Pits of Slime)
 55740 | Slime:5  | Got a shimmering battleaxe
 55741 | Slime:5  | Identified the +7 battleaxe "Earthworm" {drain, rElec} (You
                  | found it on level 5 of the Pits of Slime)
 55761 | Slime:5  | Got a crude steel ring
 55762 | Slime:5  | Identified the ring "Muolec" {rCorr +Inv} (You found it on
                  | level 5 of the Pits of Slime)
 55774 | Slime:5  | Got a slimy rune of Zot
 55881 | Slime:5  | Reached skill level 15 in Crossbows
 56072 | Slime:4  | Reached XP level 27. HP: 229/320 MP: 27/27
 56440 | Hell     | Entered the Vestibule of Hell
 56448 | Hell     | Noticed Geryon
 56489 | Hell     | Killed Geryon
 56911 | Hell     | Found a gateway to the Iron City of Dis.
 56939 | Hell     | Found a gateway to the freezing wastes of Cocytus.
 57060 | Hell     | Found a gateway to the decaying netherworld of Tartarus.
 57123 | Hell     | Found a gateway to the ashen valley of Gehenna.
 57280 | Geh:1    | Entered Level 1 of Gehenna
 60618 | Geh:3    | Lost mutation: You are very robust. (+20% HP) [mutagenic
                  | glow]
 61275 | Geh:4    | Reached skill level 21 in Invocations
 63904 | Geh:7    | Entered Level 7 of Gehenna
 64334 | Geh:7    | Reached skill level 22 in Invocations
 64697 | Geh:7    | Noticed Asmodeus
 64834 | Geh:7    | Killed Asmodeus
 64838 | Geh:7    | Identified the Guide on Doomed Boosts
 64843 | Geh:7    | Got a pair of distressingly furry gloves
 64845 | Geh:7    | Identified the +0 pair of gloves of Starshine {rF++ rC+
                  | Str+2} (You found it on level 7 of Gehenna)
 64850 | Geh:7    | Got an obsidian rune of Zot
 65074 | Zig:1    | Entered Level 1 of a ziggurat
 65111 | Zig:2    | Entered Level 2 of a ziggurat
 65135 | Zig:2    | Got a twisted executioner's axe
 65136 | Zig:2    | Identified the +4 executioner's axe of Bile {antimagic,
                  | rElec MR+} (You found it on level 2 of a ziggurat)
 65140 | Zig:3    | Entered Level 3 of a ziggurat
 65173 | Zig:4    | Entered Level 4 of a ziggurat
 65188 | Zig:4    | Reached skill level 23 in Invocations
 65205 | Zig:5    | Entered Level 5 of a ziggurat
 65262 | Zig:6    | Entered Level 6 of a ziggurat
 65299 | Zig:7    | Entered Level 7 of a ziggurat
 65337 | Zig:7    | Got a distressingly furry plate armour
 65348 | Zig:7    | Identified the cursed +1 plate armour of Trial and Error
                  | {*Drain rPois Dex+2} (You found it on level 7 of a
                  | ziggurat)
 65390 | Zig:8    | Entered Level 8 of a ziggurat
 65405 | Zig:8    | Paralysed by accursed screaming for 2 turns
 65414 | Zig:8    | Paralysed by accursed screaming for 2 turns
 65428 | Zig:8    | Gained mutation: Scrolls take you a little longer to read.
                  | [a neqoxec]
 65470 | Zig:8    | Lost mutation: Your spells are easier to cast, but less
                  | powerful. [potion of mutation]
 65470 | Zig:8    | Lost mutation: You are robust. (+10% HP) [potion of
                  | mutation]
 65470 | Zig:8    | Gained mutation: You possess an exceptional clarity of
                  | mind. [potion of mutation]
 65471 | Zig:8    | Lost mutation: Scrolls take you a little longer to read.
                  | [potion of mutation]
 65471 | Zig:8    | Lost mutation: You are very agile. (Dex +4) [potion of
                  | mutation]
 65471 | Zig:8    | Lost mutation: You are agile. (Dex +2) [potion of mutation]
 65471 | Zig:8    | Lost mutation: Your spells are a little easier to cast, but
                  | a little less powerful. [potion of mutation]
 65471 | Zig:8    | Gained mutation: You are weak. (Str -2) [potion of
                  | mutation]
 65471 | Zig:8    | Gained mutation: You are partially covered in slimy green
                  | scales. (AC +2) [potion of mutation]
 65471 | Zig:8    | Gained mutation: You can translocate small distances at
                  | will. [potion of mutation]
 65488 | Zig:9    | Entered Level 9 of a ziggurat
 65496 | Zig:9    | Found the +3 sling "Punk" {acid, rCorr}
 65496 | Zig:9    | Found the macabre finger necklace {rN+}
 65507 | Zig:9    | Reached skill level 10 in Armour
 65567 | Zig:10   | Entered Level 10 of a ziggurat
 65662 | Zig:11   | Entered Level 11 of a ziggurat
 65675 | Zig:11   | Noticed Rakhi the pandemonium lord
 65691 | Zig:11   | Killed Rakhi the pandemonium lord
 65734 | Zig:11   | Gained mutation: You are frail. (-10% HP) [a neqoxec]
 65782 | Zig:12   | Entered Level 12 of a ziggurat
 65842 | Zig:12   | Got a pair of steaming boots
 65853 | Zig:12   | Identified the +0 pair of boots "Reamugg" {*Drain +Inv
                  | rPois Dex+4} (You found it on level 12 of a ziggurat)
 65882 | Zig:13   | Entered Level 13 of a ziggurat
 65906 | Zig:13   | Reached skill level 24 in Invocations
 65995 | Zig:13   | Identified Pimnel's Almanac of Weightlessness
 66001 | Zig:14   | Entered Level 14 of a ziggurat
 66009 | Zig:14   | Noticed a greater mummy
 66012 | Zig:14   | Noticed a greater mummy
 66020 | Zig:14   | Noticed a greater mummy
 66021 | Zig:14   | Killed a greater mummy
 66022 | Zig:14   | Noticed a greater mummy
 66031 | Zig:14   | HP: 14/375 [mummy priest/divine providence (12)]
 66032 | Zig:14   | Slain by a guardian mummy

Skill      XL: |  1  2  3  4  5  6  7  8  9 10 11 12 13 14 15 16 17 18 19 20 21 22 23 24 25 26 27 |
---------------+----------------------------------------------------------------------------------+-----
Fighting       | 3 4 5 6 7 8 9 11 12 13 14 15 16 17 18 19 22 | 22.4
Axes           | 3 4 5 7 9 11 12 13 14 16 17 18 19 20 21 22 23 | 23.3
Shields        | 4 5 6 7 8 9 10 11 12 13 15 16 17 18 19 20 21 | 21.3
Dodging        | 1 2 3 5 6 7 8 9 10 11 12 13 14 15 16 21 | 21.9
Armour         | 4 5 6 7 8 9 10 | 10.2
Invocations    | 7 11 12 13 14 15 16 17 18 19 20 24 | 24.1
Evocations     | 2 6 8 10 12 13 14 16 17 18 19 23 | 23.3
Crossbows      | 11 13 15 18 | 18.6

Action                   |  1- 3 |  4- 6 |  7- 9 | 10-12 | 13-15 | 16-18 | 19-21 | 22-24 | 25-27 || total
-------------------------+-------+-------+-------+-------+-------+-------+-------+-------+-------++-------
Melee: War axe           |    98 |   287 |   398 |    24 |       |       |       |       |       ||   807
       Broad axe         |       |       |       |   585 |  1330 |  1188 |  1473 |  1360 |  2465 ||  8401
       Hand crossbow     |       |       |       |       |       |       |       |     2 |       ||     2
 Fire: Hand crossbow     |       |       |       |       |       |       |       |   128 |   856 ||   984
       Arbalest          |       |       |       |       |       |       |       |    14 |       ||    14
Invok: Lesser Healing    |       |       |       |    66 |    99 |   164 |   236 |   154 |   478 ||  1197
       Heal Other        |       |       |       |     1 |       |       |       |     1 |       ||     2
       Greater Healing   |       |       |       |       |    11 |     7 |    10 |     2 |     5 ||    35
       Purification      |       |       |       |       |       |     1 |       |       |       ||     1
       Divine Vigour     |       |       |       |       |       |       |     1 |       |       ||     1
 Abil: Heal Wounds       |       |     2 |     8 |     6 |       |       |    22 |       |     5 ||    43
       Evoke Invisibilit |       |       |       |       |       |       |       |     1 |     1 ||     2
       Evoke Berserk Rag |       |       |       |       |       |       |       |       |     3 ||     3
Evoke: Wand              |       |       |       |       |     2 |     2 |    46 |    58 |     2 ||   110
       Lamp of fire      |       |       |       |       |       |       |     1 |     3 |     4 ||     8
       Lightning rod     |       |       |       |       |       |       |     3 |    16 |     3 ||    22
       Sack of spiders   |       |       |       |       |       |       |     1 |     6 |     6 ||    13
       Phial of floods   |       |       |       |       |       |       |       |     4 |     1 ||     5
  Use: Potion            |     3 |     2 |     4 |     2 |     2 |     8 |    11 |    16 |    24 ||    72
       Scroll            |       |     9 |     5 |     8 |    16 |     9 |     6 |    29 |    16 ||    98
 Stab: Sleeping          |       |       |       |     2 |     4 |     5 |       |     2 |     6 ||    19
       Distracted        |       |       |       |     1 |       |     1 |     6 |     2 |    11 ||    21
       Confused          |       |       |       |       |       |     1 |       |     1 |       ||     2
       Invisible         |       |       |       |       |       |    11 |       |       |    15 ||    26
       Paralysed         |       |       |       |       |       |       |       |     2 |       ||     2
       Held in net/web   |       |       |       |       |       |       |       |       |     2 ||     2
  Eat: Chunk             |       |     6 |     7 |    28 |    49 |    34 |    33 |    32 |    27 ||   216
       Ration            |       |       |     2 |       |     2 |     5 |    11 |     9 |    30 ||    59
Armor: Scale mail        |    46 |   128 |    20 |       |       |       |       |       |       ||   194
       Leather armour    |       |       |    64 |    99 |   120 |   133 |   118 |       |       ||   534
       Skin              |       |       |       |     2 |       |       |       |       |       ||     2
       Acid dragon scale |       |       |       |       |       |       |   116 |   167 |   401 ||   684
Dodge: Dodged            |    22 |    81 |   111 |   245 |   331 |   470 |   743 |   605 |  1604 ||  4212
Block: Shield            |    59 |   178 |   194 |   413 |   824 |   833 |  1262 |  1143 |  2545 ||  7451
       Buckler           |       |       |       |       |       |       |    14 |       |       ||    14
